Cogmind - Beta 15 @@@ ROGUE MODE // 2025.05.27 @ 19:36:17 Player: Jack Result: Destroyed by G-47 Trooper with Particle Gun Performance ------------- Evolutions (0) 0 Regions Visited (4) 800 Robots Destroyed (8) 40 Value Destroyed (141) 141 Prototype IDs (23) 460 Alien Tech Used (0) 0 Bonus (300) 300 TOTAL SCORE: 1741 Bonus ------- Aligned with FarCom 300 Cogmind --------- Core Integrity 0/250 Matter 270/300 Energy 96/100 System Corruption 1% Temperature Cool (13) Movement Walking (45) Location -9/Mines Parts ------- > --- POWER (1) -------- (None) > --- PROPULSION (2) --- Potential Leg Potential Leg (fused) > --- UTILITY (2) ------ Improved Heat Sink > --- WEAPON (2) ------- AWS/Thermal > --- INVENTORY (5) ---- Flight Unit Flight Unit Flight Unit Assault Rifle Datajack Peak State ------------ > --- POWER ------------ (None) > --- PROPULSION ------- Potential Leg Potential Leg > --- UTILITY ---------- Improved Heat Sink > --- WEAPON ----------- AWS/Thermal > --- INVENTORY -------- Flight Unit Flight Unit Flight Unit Assault Rifle Datajack [Rating: 39] Favorites ----------- Power None Propulsion Flight Unit Leg Potential Leg Flight Unit Flight Unit Utility Improved Heat Sink Device Improved Heat Sink Weapon Light Assault Rifle Energy Gun Medium Laser Ballistic Gun Light Assault Rifle Build | -11 -10 -10 -10 -9 ------- Run | Yrd Mat Min Exi Min Slots Evolved . | . . . . . Power . | . . . . . Propulsion . | . . . . . Utility . | . . . . . Weapon . | . . . . . Parts Attached 11 | 2 3 3 3 . Power . | . . . . . Engine . | . . . . . Core . | . . . . . Reactor . | . . . . . Propulsion 6 | . 2 2 2 . Treads . | . . . . . Leg 2 | . . . 2 . Wheel . | . . . . . Hover . | . . . . . Flight 4 | . 2 2 . . Utility 1 | . 1 . . . Device 1 | . 1 . . . Storage . | . . . . . Processor . | . . . . . Hackware . | . . . . . Protection . | . . . . . Artifact . | . . . . . Weapon 4 | 2 . 1 1 . Energy Gun 2 | 1 . . 1 . Energy Cannon . | . . . . . Ballistic Gun 2 | 1 . 1 . . Ballistic Cannon . | . . . . . Launcher . | . . . . . Special Weapon . | . . . . . Impact Weapon . | . . . . . Slashing Weapon . | . . . . . Piercing Weapon . | . . . . . Special Melee Weapon . | . . . . . Unidentified Prototypes . | . . . . . Parts Lost 2 | . 1 1 . . Power . | . . . . . Propulsion 1 | . 1 . . . Utility . | . . . . . Weapon 1 | . . 1 . . Highest Loss Streak 1 | . 1 1 . . To Critical Strikes . | . . . . . Average Backups 3 | . 2 3 4 5 Power . | . . . . . Propulsion 1 | . . 1 2 3 Utility . | . . . . . Weapon 1 | . 1 1 1 1 Tool/Special . | . . . . . Unused Backups 3 | . . . . 3 Power . | . . . . . Propulsion 1 | . . . . 1 Utility . | . . . . . Weapon 1 | . . . . 1 Tool/Special 1 | . . . . 1 Average Slot Usage (%) 59 | . 44 67 62 57 Leg 6 | . . . 19 28 Flight 16 | . 15 24 8 . Device 10 | . . 14 14 14 Energy Gun 7 | . 14 2 8 14 Ballistic Gun 17 | . 14 26 10 . Peak Build Rating 39 | 2 6 7 39 39 Average Rating 12 | 1 3 6 28 39 On Entrance 10 | . 2 6 7 39 Naked Turns . | . . . . . Heaviest Build 9 | 3 4 4 9 9 Greatest Support 60 | 3 8 8 60 60 Greatest Overweight (x) . | . . . . . Average Overweight (x) . | . . . . . Largest Inventory Capacity 5 | 5 5 5 5 5 Average Capacity 5 | 5 5 5 5 5 Most Carried 5 | 1 3 4 5 5 Average Carried 3 | . 2 3 4 5 Final Capacity 5 | 5 5 5 5 5 Final Carried 5 | 1 3 4 5 5 Class Distribution -------------------- 57% | Mutant 42% | Scavenger-Mutant Dominant Class ---------------- Mutant | -10/Materials Scavenger-Mutant | -10/Mines Mutant | -10/Exiles Mutant | -9/Mines Resources | -11 -10 -10 -10 -9 ----------- Run | Yrd Mat Min Exi Min Matter Collected 306 | . 264 42 . . Remotely . | . . . . . Salvage Created 182 | . 98 40 . 44 Parts 14 | . 5 5 . 4 Haulers Intercepted . | . . . . . Recyclers Shooed . | . . . . . Parts Field Recycled . | . . . . . Retrieved Matter . | . . . . . Parts Self-Destructed . | . . . . . Prevented . | . . . . . Kills | -11 -10 -10 -10 -9 ------- Run | Yrd Mat Min Exi Min Combat Hostiles Destroyed 8 | . 4 3 . 1 Guns 8 | . 4 3 . 1 Classes Destroyed 2 | . 2 . . . Swarmer 6 | . 3 3 . . Grunt 2 | . 1 . . 1 Best Kill Streak 3 | . 3 3 . 1 Combat Bots Only 3 | . 3 3 . 1 Max Kills in Single Turn 1 | . 1 1 . 1 Gunslinging . | . . . . . Exploded . | . . . . . Melee . | . . . . . Uniques/NPCs Destroyed . | . . . . . Combat | -11 -10 -10 -10 -9 -------- Run | Yrd Mat Min Exi Min Hostile Shots Fired 64 | . 46 15 . 3 Missed 27 | . 19 6 . 2 Hits 37 | . 27 9 . 1 Projectile 37 | . 27 9 . 1 Critical Strikes 1 | . . 1 . . Damage Taken 447 | . 352 82 . 13 Core 253 | . 219 21 . 13 Absorbed by Shields . | . . . . . Core Remaining (%) 100 | 100 . . . . Volleys Fired 22 | . 14 8 . . Largest 2 | . 2 2 . . Hottest 70 | . 70 70 . . Shots Fired 44 | . 28 14 . 2 Gun 44 | . 28 14 . 2 Cannon . | . . . . . Launcher . | . . . . . Special . | . . . . . Kinetic 27 | . 14 13 . . Thermal 17 | . 14 1 . 2 Explosive . | . . . . . Electromagnetic . | . . . . . Robot Hit Streak 8 | . 8 5 . 4 Robot Miss Streak 4 | . 1 4 . . Penetration Max . | . . . . . Secondary Targets . | . . . . . Autonomous 2 | . . . . 2 Shots Hit Robots 28 | . 19 7 . 2 Core Hits 14 | . 8 5 . 1 Critical Kills . | . . . . . Critical Parts Destroyed . | . . . . . Critical Strikes 1 | . 1 . . . Burn 1 | . 1 . . . Melee Attacks . | . . . . . Impact . | . . . . . Slashing . | . . . . . Piercing . | . . . . . Sneak Attacks . | . . . . . Combat Hostiles . | . . . . . Follow-up Attacks . | . . . . . Damage Inflicted 311 | . 197 54 . 60 Guns 311 | . 197 54 . 60 Cannons . | . . . . . Explosions . | . . . . . Melee . | . . . . . Ramming . | . . . . . Kinetic 113 | . 59 54 . . Thermal 198 | . 138 . . 60 Explosive . | . . . . . Electromagnetic . | . . . . . Impact . | . . . . . Slashing . | . . . . . Piercing . | . . . . . Highest Corruption 1 | . 1 1 1 1 Average Corruption 1 | . 1 1 1 1 Corruption Purged . | . . . . . Corruption Blocked . | . . . . . Effects 2 | . . 1 1 . Energy Discharges 1 | . . 1 . . Parts Fused 1 | . . . 1 . Overload Shots . | . . . . . Overflow Damage . | . . . . . Projectiles . | . . . . . Explosions . | . . . . . Melee . | . . . . . Knockbacks . | . . . . . Impact . | . . . . . Kinetic . | . . . . . Secondary . | . . . . . Self-Inflicted Damage . | . . . . . Shots . | . . . . . Rammed . | . . . . . Targets Rammed . | . . . . . Kicked . | . . . . . Crushed . | . . . . . Highest Temperature 138 | . 138 22 . . Average Temperature 59 | . 62 14 . . Received Heat Transfer 183 | . 147 27 . 9 Siege Activations . | . . . . . Martial Activations . | . . . . . Shielding Activations . | . . . . . Robots Disrupted . | . . . . . Combat Hostiles . | . . . . . Robots Corrupted . | . . . . . Combat Hostiles . | . . . . . Parts Fried . | . . . . . Impact Corruptions . | . . . . . Robots Melted . | . . . . . Combat Hostiles . | . . . . . Parts Melted . | . . . . . Heat Transferred 555 | . 481 . . 74 Parts Sabotaged . | . . . . . Parts Stolen . | . . . . . Parts Stripped . | . . . . . Power Chain Reactions . | . . . . . Alert | -11 -10 -10 -10 -9 ------- Run | Yrd Mat Min Exi Min Maximum Alert Level . | . . . . . Low Security (%) 100 | 100 100 100 . 100 Level 1 . | . . . . . Level 2 . | . . . . . Level 3 . | . . . . . Level 4 . | . . . . . Level 5 . | . . . . . High Security . | . . . . . Max Security . | . . . . . Peak Influence 151 | . 118 151 . 20 Initial 42 | . . 42 . . Average 80 | . 55 108 . 10 Influence Increases 427 | . 188 219 . 20 Destroy 0b10 Robot/C 200 | . 80 100 . 20 Destroy Leader 30 | . 20 10 . . Allied During Kill 4 | . . 4 . . Successful Hack 13 | . 13 . . . Lose Combat Pursuer 180 | . 75 105 . . Influence Decreases 407 | . 80 186 141 . Entered New Map 207 | . . 66 141 . Time Decay 160 | . 70 90 . . Lost Part 20 | . 10 10 . . Lost Ally 20 | . . 20 . . Squads Dispatched 2 | . 1 1 . . Investigation . | . . . . . Extermination . | . . . . . Reinforcement 1 | . 1 . . . Assault 1 | . . 1 . . Garrison . | . . . . . Intercept . | . . . . . Searches Triggered . | . . . . . Construction Impeded . | . . . . . Haulers Reinforced . | . . . . . Active Scanning Responses . | . . . . . Cargo Convoy Interrupts . | . . . . . Stealth | -11 -10 -10 -10 -9 --------- Run | Yrd Mat Min Exi Min Distress Signals 2 | . 2 . . . Communications Jammed . | . . . . . Distress Signals . | . . . . . Times Spotted 39 | . 16 11 . 12 Peak Tracking Total 21 | . 10 4 . 21 Tactical Retreats 4 | . 1 3 . . Traps | -11 -10 -10 -10 -9 ------- Run | Yrd Mat Min Exi Min Traps Triggered 1 | . 1 . . . Indirectly . | . . . . . Trap Hack Attempts . | . . . . . Triggered . | . . . . . Disarmed . | . . . . . Reprogrammed . | . . . . . Reused . | . . . . . Traps Extracted . | . . . . . Installed . | . . . . . Triggered . | . . . . . Machines | -11 -10 -10 -10 -9 ---------- Run | Yrd Mat Min Exi Min Machines Disabled . | . . . . . Max in Single Turn . | . . . . . Machines Repaired . | . . . . . Machines Dismantled . | . . . . . Machines Sabotaged . | . . . . . Overloaded Fab Kills . | . . . . . Hacking | -11 -10 -10 -10 -9 --------- Run | Yrd Mat Min Exi Min Machines Accessed 4 | . 3 . 1 . Terminals 3 | . 3 . . . Fabricators . | . . . . . Repair Stations . | . . . . . Recycling Units . | . . . . . Scanalyzers . | . . . . . Garrison Access . | . . . . . Total Hacks 10 | . 9 . 1 . Successful 5 | . 4 . 1 . Failed 5 | . 5 . . . Catastrophic . | . . . . . Database Lockouts . | . . . . . Manual 10 | . 9 . 1 . Terminals 9 | . 9 . . . Fabricators . | . . . . . Repair Stations . | . . . . . Recycling Units . | . . . . . Scanalyzers . | . . . . . Garrison Access . | . . . . . Terminal Hacks 2 | . 1 . 1 . Terminal Index 1 | . 1 . . . Proto ID Catalog 1 | . . . 1 . Fabricator Hacks . | . . . . . Repair Station Hacks . | . . . . . Recycling Unit Hacks . | . . . . . Scanalyzer . | . . . . . Garrison Access Hacks . | . . . . . Unauthorized Hacks 3 | . 3 . . . Terminals 3 | . 3 . . . Botnet 3 | . 3 . . . Fabricators . | . . . . . Repair Stations . | . . . . . Recycling Units . | . . . . . Scanalyzers . | . . . . . Garrison Access . | . . . . . Data Cores Recovered . | . . . . . Used . | . . . . . Hacking Detections 2 | . 2 . . . Full Trace Events 1 | . 1 . . . Feedback Events 1 | . 1 . . . Corruption 1 | . 1 . . . Feedback Blocked . | . . . . . Robot Schematics Acquired . | . . . . . Robots Built . | . . . . . Authchips . | . . . . . Time . | . . . . . Total Robot Build Rating . | . . . . . Part Schematics Acquired . | . . . . . Parts Built . | . . . . . Authchips . | . . . . . Time . | . . . . . Total Part Build Rating . | . . . . . Parts Repaired . | . . . . . Time . | . . . . . Parts Recycled . | . . . . . Recycled Matter . | . . . . . Retrieved Matter . | . . . . . Retrieved Components . | . . . . . Parts Scanalyzed . | . . . . . Part Schematics Acquired . | . . . . . Parts Damaged . | . . . . . Bothacking | -11 -10 -10 -10 -9 ------------ Run | Yrd Mat Min Exi Min Used RIF Installer . | . . . . . Robots Hacked . | . . . . . Non-combat . | . . . . . Combat . | . . . . . Robot Hacks Applied . | . . . . . Relay Couplers Released . | . . . . . Fabnet Peak Effective % . | . . . . . Robots Rewired . | . . . . . Allies Hacked . | . . . . . Hacks Repelled . | . . . . . Allies | -11 -10 -10 -10 -9 -------- Run | Yrd Mat Min Exi Min Total Allies 1 | . . 1 . . Largest Group 1 | . . 1 . . Highest-Rated Group 31 | . . 31 . . Highest-Rated Ally 31 | . . 31 . . Total Orders . | . . . . . Ally Attacks 14 | . . 14 . . Total Damage 232 | . . 232 . . Kills 2 | . . 2 . . Allies Corrupted . | . . . . . Allies Melted . | . . . . . Intel | -11 -10 -10 -10 -9 ------- Run | Yrd Mat Min Exi Min Active Infowar (turns) . | . . . . . Robot Analysis Total . | . . . . . Derelict Logs Recovered 1 | . . 1 . . Drone Launches . | . . . . . Drone Recoveries . | . . . . . Exploration | -11 -10 -10 -10 -9 ------------- Run | Yrd Mat Min Exi Min Turns Passed 513 | 18 149 192 152 2 Spaces Moved 884 | 28 219 414 218 5 Core 63 | 28 34 . 1 . Treads . | . . . . . Legs 111 | . . . 106 5 Wheels . | . . . . . Hover . | . . . . . Flight 710 | . 185 414 111 . Fastest Speed 37 | 50 37 37 37 45 Average Speed 44 | 50 39 37 62 45 Slowest Speed 90 | 50 50 40 90 45 Overloaded Moves 5 | . . . . 5 Propulsion Burnouts . | . . . . . Robots Hopped 10 | . 6 4 . . Potential Cave-ins . | . . . . . Cave-ins Triggered . | . . . . . Exploration Rate (%) 39 | 3 49 81 61 4 Regions Visited 4 Branch Regions 3 Pre-discovered Areas . | . . . . . Known Exits Taken . | . . . . . Unknown Exits Taken 4 | 1 1 1 1 . Scrap Searched 1 | . . 1 . . Spaces Dug . | . . . . . Terrain Destroyed . | . . . . . Melee . | . . . . . Projectile . | . . . . . AOE . | . . . . . Terrain Rammed . | . . . . . Walls Destroyed . | . . . . . Machines Disabled . | . . . . . Actions | -11 -10 -10 -10 -9 --------- Run | Yrd Mat Min Exi Min Total 950 | 30 248 434 233 5 Wait 38 | . 17 13 8 . Move 860 | 27 206 405 217 5 Hop 10 | . 6 4 . . Pick Up 4 | 1 2 1 . . Fast Attach 9 | 2 3 1 3 . Attach 1 | . . 1 . . Detach 2 | . . . 2 . Swap 1 | . . 1 . . Drop 3 | . . . 3 . Fire 22 | . 14 8 . . Melee . | . . . . . Ram . | . . . . . Kick . | . . . . . Crush . | . . . . . Escape Stasis . | . . . . . Rewire . | . . . . . Trap . | . . . . . Miscellaneous . | . . . . . Route ------- -11/Scrapyard -10/Materials (discovered 3 exits: [*Mat] / [*Min x2]) -10/Mines -10/Exiles -9/Mines History --------- Turn | Location | Event 11 | -11/Scrapyard | Discovered new exit (range 15) 19 | -11/Scrapyard | Entered Materials 80 | -10/Materials | Discovered new exit (range 4) 81 | -10/Materials | Discovered new exit (range 10) 102 | -10/Materials | Discovered new exit (range 8) 143 | -10/Materials | Core integrity fell below 50% 164 | -10/Materials | Core integrity fell below 20% 168 | -10/Materials | Entered Mines 169 | -10/Mines | Met a Derelict testing a Signal Generator 346 | -10/Mines | Deemed a non-threat by the Exiles lab entrance 346 | -10/Mines | Discovered new exit (range 5) 360 | -10/Mines | Entered Exiles 370 | -10/Exiles | Met 8R-AWN 376 | -10/Exiles | Met EX-HEX 386 | -10/Exiles | Met EX-BIN 391 | -10/Exiles | Aligned with FarCom system 391 | -10/Exiles | Given EX-Vault access code 400 | -10/Exiles | Opened EX-Vault 404 | -10/Exiles | Found Potential Leg 406 | -10/Exiles | Found Potential Leg 411 | -10/Exiles | Found AWS/Thermal 430 | -10/Exiles | Warned to stay clear of 0b10 Research branches 442 | -10/Exiles | Exiles lab attacked by MAIN.C 493 | -10/Exiles | Discovered new exit (range 10) 512 | -10/Exiles | Stole two prototypes: Potential Leg, AWS/Thermal 512 | -10/Exiles | Entered Mines 513 | -9/Mines | Assembled infested the area 514 | -9/Mines | Destroyed by G-47 Trooper with Particle Gun Last Messages --------------- FarCom system will continue to maintain contact via our distributed network. EX-BIN: And don't even think about spreading that code around. We're gonna change it right after you leave. Most certainly not to something like 1234 which I did last time as a little joke and some thief managed to sneak in here and steal a few of HEX's prototypes. EXILES: Incoming Unaware force detected on approach from Mines. Prepare for evacuation. System corrupted: Potential Leg fused. EXILES: Lab perimeter alert, evacuate immediately. EXIT=FOUND EX-DEC exits level. LOCATION=UNKNOWN GOAL=ESCAPE Receiving FarCom transmissions... A derelict emerges from the shadows: "Quick, help me dispose of these Unaware!" ALERT: Infestation in the mines, dispatching Demolisher response squad. G-34 Mercenary destroyed. G-47 Trooper: "SECOND INTRUDER APPROACHING. ELIMINATE." AM-PHS destroyed. G-34 Mercenary destroyed. Map ----- +----------------------------------------------------+ | ???????????????????????????????????????????? | | ???????????????????????????????????????????? | | ???????????????????????????????????????????? | | ???????????????????????????????????????????? | | ???????????????????????????????????????????? | | ???????????????????????????????????????????? | | ???????????????????????????????????????????? | | ???????????????????????????????????????????? | | ???????????????? ???????????????????????? | | ??????????????? ???????????????????????? | | ??????????????? ???????????????????????? | | ??????????????? ???????????????????????? | | ??????????????? ????????????????????????? | | ??????????????? ????????????????????????? | | ??????????????? ????????????????????????? | | ???????????????# #????????????????????????? | | ???????????????# #????????????????????????? | | ???????????????# #????????????????????????? | | ???????????????# #????????????????????????? | | ??????????????## #????????????????????????? | | ?????????????## #????????????????????????? | | ?????????????# *%##???????????????????????? | | ?????????????# =%*=###?????????????????????? | | ?????????????## =%!g ###???????????????????? | | ??????????????##g[ ##??????????????????? | | ???????????????### @ #??????????????????? | | ?????????????????#### #?????????????????? | | ?????????????????????? #?????????????????? | | ????????????????????????##?????????????????? | | ???????????????????????????????????????????? | | ???????????????????????????????????????????? | | | | | | | | | | | | | | | | | | | | | | | | | | | | | | | | | | | | | | | +----------------------------------------------------+ Best States ------------- Heat Dissipation 25 Energy Generation 5 Energy Capacity 100 Matter Stores 300 Matter Capacity 300 Sight Range 16 Terrain Scan Density 10 Evasion (%) 62 Item Schematics ----------------- None Robot Schematics ------------------ None Fabricated ------------ Nothing Repaired ---------- Nothing Alien Tech Used ----------------- None Achievements -------------- None Challenges ------------ None Game ------ Seed RemotePoweredProtomatter Manual? 0 Play Time 00:06:16 Cumulative 209.6 hours Start 2025.05.27 @ 19:26:28 End 2025.05.27 @ 19:36:17 Sessions 1 Manual Loads 0 Difficulty Rogue Special Mode None Game No. 212 Rogue 27 Adventurer 173 Explorer 12 Win Type - Total 56 Types 15/1/15/2/12/0/4/2/0/5 Lore% 48 Gallery% 49 Achievement% 67 Wizard Run 0 Options --------- Layout 0 ASCII 0 Keyboard 0 Movement Numpad Keybinds 0 Fullscreen 2 Font 12/Smallcaps Map View 83x54 Zoom Use 0% Tactical HUD 0 Map Filters NONE Filters NONE Steam X RUN: 1f0365f6-63cf-42b1-b5e4-b6646c76b860